MLB
CALIFORNIA ANGELS @ NEW YORK YANKEES
07/18/2044
 
TOP OF THE 1ST
California Angels batting - Pitching for New York Yankees : LHP Zach Purvis
Pitching: LHP Zach Purvis
Batting: RHB Curt Earnest 0-0: Called Strike
0-1: Foul Ball, location: 2F
0-2: Ball
1-2: Strikes out swinging
Batting: RHB Alain Delhaye 0-0: Ball
1-0: Ground out 6-3 (Groundball, 6, EV 96.2 MPH)
Batting: RHB Preston Deakyne 0-0: Called Strike
0-1: Ball
1-1: Ball
2-1: Ball
3-1: Base on Balls
Batting: RHB Dietmar Warmisch 0-0: Ball
1-0: Ball
2-0: Foul Ball, location: 2F
2-1: Fielders Choice at 2nd, 5-4 (Groundball, 5, EV 80.0 MPH)
Top of the 1st over - 0 runs, 0 hits, 0 errors, 1 left on base; California 0 - New York 0
BOTTOM OF THE 1ST
New York Yankees batting - Pitching for California Angels : RHP Danny White
Pitching: RHP Danny White
Batting: LHB Jason Peck 0-0: Called Strike
0-1: Ball
1-1: Fly out, F7 (Flyball, 78XD, EV 93.1 MPH)
Batting: RHB C.J. Richerson 0-0: Called Strike
0-1: Foul Ball, location: 2F
0-2: Ball
1-2: TRIPLE (Line Drive, 8LXD, EV 108.1 MPH)
Batting: SHB Bartholomeu Chambino 0-0: Ball
1-0: Foul Ball, location: 2F
1-1: Foul Ball, location: 2F
1-2: Ball
2-2: Foul Ball, location: 2F
2-2: 2-RUN HOME RUN (Flyball, 9D, EV 101.9 MPH), Distance : 381 ft
Batting: LHB David Bramble 0-0: Swinging Strike
0-1: Called Strike
0-2: Strikes out swinging
Batting: LHB Evan Torraville 0-0: Called Strike
0-1: Fly out, F8 (Flyball, 8RS, EV 81.9 MPH)
Bottom of the 1st over - 2 runs, 2 hits, 0 errors, 0 left on base; California 0 - New York 2
TOP OF THE 2ND
California Angels batting - Pitching for New York Yankees : LHP Zach Purvis
Batting: RHB Nick Dunn 0-0: Ball
1-0: Fly out, F6 (Flyball, 56D, EV 82.5 MPH)
Batting: LHB Jack Bell 0-0: SINGLE (Groundball, 4MD, EV 108.1 MPH)
Batting: RHB Gael Jones 0-0: Ball
1-0: Called Strike
Jack Bell is caught stealing 2nd base 2-4
1-1: Ball
2-1: Ball
3-1: Base on Balls
Batting: LHB Micah Miller 0-0: Called Strike
0-1: Ball
1-1: Fielders Choice at 2nd, U6 (Groundball, 4, EV 99.4 MPH)
Top of the 2nd over - 0 runs, 1 hit, 0 errors, 1 left on base; California 0 - New York 2
BOTTOM OF THE 2ND
New York Yankees batting - Pitching for California Angels : RHP Danny White
Batting: LHB Jim Skare 0-0: Ball
1-0: Ball
2-0: Fly out, F3 (Line Drive, 3, EV 70.0 MPH)
Batting: RHB Geni Prawiranega 0-0: Ball
1-0: Ball
2-0: Fly out, F8 (Flyball, 8LD, EV 93.1 MPH)
Batting: LHB Yao-pang Tien 0-0: Called Strike
0-1: Ball
1-1: Ball
2-1: Foul Ball, location: 2F
2-2: Ball
3-2: Foul Ball, location: 2F
3-2: Base on Balls
Batting: RHB Kai Bellow 0-0: Swinging Strike
0-1: Ball
1-1: Fly out, F8 (Flyball, 8RM, EV 90.6 MPH)
Bottom of the 2nd over - 0 runs, 0 hits, 0 errors, 1 left on base; California 0 - New York 2
TOP OF THE 3RD
California Angels batting - Pitching for New York Yankees : LHP Zach Purvis
Batting: LHB Javier Trujillo 0-0: Fly out, F5 (Popup, 56D, EV 54.4 MPH)
Batting: RHB Curt Earnest 0-0: Ball
1-0: Ball
2-0: Called Strike
2-1: Ground out 5-3 (Groundball, 56, EV 80.0 MPH)
Batting: RHB Alain Delhaye 0-0: Called Strike
0-1: Fly out, F8 (Flyball, 8RXD, EV 85.6 MPH)
Top of the 3rd over - 0 runs, 0 hits, 0 errors, 0 left on base; California 0 - New York 2
BOTTOM OF THE 3RD
New York Yankees batting - Pitching for California Angels : RHP Danny White
Batting: LHB Jason Peck 0-0: Ball
1-0: Ground out 6-3 (Groundball, 56, EV 78.1 MPH)
Batting: RHB C.J. Richerson 0-0: Foul Ball, location: 2F
0-1: Ball
1-1: Foul Ball, location: 2F
1-2: Foul Ball, location: 2F
1-2: Fly out, F8 (Flyball, 89S, EV 86.2 MPH)
Batting: SHB Bartholomeu Chambino 0-0: Called Strike
0-1: Ball
1-1: Foul Ball, location: 2F
1-2: Ball
2-2: Ball
3-2: Foul Ball, location: 2F
3-2: Ground out 6-3 (Groundball, P, EV 90.0 MPH)
Bottom of the 3rd over - 0 runs, 0 hits, 0 errors, 0 left on base; California 0 - New York 2
TOP OF THE 4TH
California Angels batting - Pitching for New York Yankees : LHP Zach Purvis
Batting: RHB Preston Deakyne 0-0: Ball
1-0: Called Strike
1-1: Ball
2-1: Ball
3-1: Base on Balls
Batting: RHB Dietmar Warmisch 0-0: Ball
1-0: Called Strike
1-1: Ball
2-1: Ball
3-1: Base on Balls
Preston Deakyne to second
Batting: RHB Nick Dunn 0-0: Ball
1-0: Called Strike
1-1: Foul Ball, location: 2F
1-2: Ball
2-2: Ball
3-2: Strikes out swinging
Batting: LHB Jack Bell 0-0: Foul Ball, location: 2F
0-1: Foul Ball, location: 2F
0-2: Foul Ball, location: 2F
0-2: Ball
1-2: Ball
2-2: Strikes out swinging
Batting: RHB Gael Jones 0-0: Called Strike
0-1: Foul Ball, location: 2F
0-2: Fielders Choice at 2nd, 5-4 (Groundball, 56, EV 101.9 MPH)
Top of the 4th over - 0 runs, 0 hits, 0 errors, 2 left on base; California 0 - New York 2
BOTTOM OF THE 4TH
New York Yankees batting - Pitching for California Angels : RHP Danny White
Batting: LHB David Bramble 0-0: Swinging Strike
0-1: Ball
1-1: Ball
2-1: Ball
3-1: SINGLE (Line Drive, 9S, EV 105.0 MPH)
Batting: LHB Evan Torraville 0-0: Foul Ball, location: 2F
0-1: Ball
1-1: Swinging Strike
1-2: Foul Ball, location: 2F
1-2: Fly out, F9 (Flyball, 89D, EV 100.6 MPH)
Batting: LHB Jim Skare 0-0: Foul Ball, location: 2F
0-1: SINGLE (Flyball, 3D, EV 92.5 MPH)
David Bramble to second
Batting: RHB Geni Prawiranega 0-0: Called Strike
0-1: 3-RUN HOME RUN (Flyball, 7LD, EV 99.4 MPH), Distance : 380 ft
Pitching: RHP Barney Pederson
Batting: LHB Yao-pang Tien 0-0: Ball
1-0: Ball
2-0: Swinging Strike
2-1: Foul Ball, location: 2F
2-2: Ball
3-2: Base on Balls
Batting: RHB Kai Bellow 0-0: Swinging Strike
0-1: Foul Ball, location: 2F
0-2: Grounds into double play, 5-4-3 (Groundball, 5, EV 84.4 MPH)
Bottom of the 4th over - 3 runs, 3 hits, 0 errors, 0 left on base; California 0 - New York 5
TOP OF THE 5TH
California Angels batting - Pitching for New York Yankees : LHP Zach Purvis
Batting: LHB Micah Miller 0-0: Called Strike
0-1: Foul Ball, location: 2F
0-2: Ball
1-2: Strikes out swinging
Batting: LHB Javier Trujillo 0-0: Foul Ball, location: 2F
0-1: Ball
1-1: Called Strike
1-2: Strikes out swinging
Batting: RHB Curt Earnest 0-0: Ball
1-0: Ball
2-0: Ball
3-0: Base on Balls
Batting: RHB Alain Delhaye 0-0: Foul Ball, location: 2F
0-1: Called Strike
0-2: Ball
1-2: Ball
2-2: Fielders Choice at 2nd, 6-4 (Groundball, 6, EV 89.4 MPH)
Top of the 5th over - 0 runs, 0 hits, 0 errors, 1 left on base; California 0 - New York 5
BOTTOM OF THE 5TH
New York Yankees batting - Pitching for California Angels : RHP Barney Pederson
Batting: LHB Jason Peck 0-0: Called Strike
0-1: Ball
1-1: Called Strike
1-2: Ball
2-2: Fly out, F7 (Line Drive, 78M, EV 103.1 MPH)
Batting: RHB C.J. Richerson 0-0: Called Strike
0-1: Ball
1-1: Fly out, F8 (Flyball, 8RXD, EV 82.5 MPH)
Batting: SHB Bartholomeu Chambino 0-0: Ball
1-0: Called Strike
1-1: Foul Ball, location: 2F
1-2: SOLO HOME RUN (Line Drive, 89XD, EV 106.2 MPH), Distance : 400 ft
Batting: LHB David Bramble 0-0: Swinging Strike
0-1: Ball
1-1: Foul Ball, location: 2F
1-2: Ball
2-2: Strikes out looking
Bottom of the 5th over - 1 run, 1 hit, 0 errors, 0 left on base; California 0 - New York 6
TOP OF THE 6TH
California Angels batting - Pitching for New York Yankees : LHP Zach Purvis
Batting: RHB Preston Deakyne 0-0: Ball
1-0: Ball
2-0: Ball
3-0: Base on Balls
Batting: RHB Dietmar Warmisch 0-0: Called Strike
0-1: Called Strike
0-2: Foul Ball, location: 2F
0-2: Ball
1-2: Ball
2-2: Foul Ball, location: 2F
2-2: Ball
3-2: Base on Balls
Preston Deakyne to second
Pitching: RHP Martin Goyer
Batting: RHB Nick Dunn 0-0: Ball
1-0: Ball
2-0: Ball
3-0: Base on Balls
Preston Deakyne to third
Dietmar Warmisch to second
Batting: LHB Jack Bell 0-0: Called Strike
0-1: Ball
1-1: Foul Ball, location: 2F
1-2: Foul Ball, location: 2F
1-2: Foul Ball, location: 2F
1-2: Ball
2-2: Strikes out swinging
Batting: RHB Gael Jones 0-0: Ball
1-0: Called Strike
1-1: Called Strike
1-2: Ball
2-2: Ball
3-2: Grounds into double play, 5-4-3 (Groundball, 56S, EV 86.2 MPH)
Top of the 6th over - 0 runs, 0 hits, 0 errors, 2 left on base; California 0 - New York 6
BOTTOM OF THE 6TH
New York Yankees batting - Pitching for California Angels : RHP Barney Pederson
Batting: LHB Evan Torraville 0-0: Foul Ball, location: 2F
0-1: Swinging Strike
0-2: Ball
1-2: Strikes out looking
Batting: LHB Jim Skare 0-0: Called Strike
0-1: Fly out, F8 (Flyball, 89M, EV 91.9 MPH)
Batting: RHB Geni Prawiranega 0-0: SINGLE (Groundball, 4M, EV 98.8 MPH) (infield hit)
Batting: LHB Yao-pang Tien 0-0: Ground out 4-3 (Groundball, 34, EV 81.9 MPH)
Bottom of the 6th over - 0 runs, 1 hit, 0 errors, 1 left on base; California 0 - New York 6
TOP OF THE 7TH
California Angels batting - Pitching for New York Yankees : RHP Martin Goyer
Batting: LHB Micah Miller 0-0: Ball
1-0: Foul Ball, location: 2F
1-1: Ball
2-1: Swinging Strike
2-2: Foul Ball, location: 2F
2-2: Strikes out swinging
Batting: LHB Javier Trujillo 0-0: Ball
1-0: Called Strike
1-1: Foul Ball, location: 2F
1-2: Strikes out looking
Batting: RHB Curt Earnest 0-0: Ball
1-0: Fly out, F9 (Flyball, 9LM, EV 92.5 MPH)
Top of the 7th over - 0 runs, 0 hits, 0 errors, 0 left on base; California 0 - New York 6
BOTTOM OF THE 7TH
New York Yankees batting - Pitching for California Angels : RHP Barney Pederson
Pitching: LHP Dan Poirier
Batting: RHB Kai Bellow 0-0: Called Strike
0-1: Fly out, F6 (Line Drive, 6, EV 68.1 MPH)
Batting: LHB Jason Peck 0-0: Ball
1-0: Swinging Strike
1-1: Called Strike
1-2: Strikes out swinging
Batting: RHB C.J. Richerson 0-0: Ball
1-0: Foul Ball, location: 2F
1-1: Swinging Strike
1-2: Fly out, F4 (Popup, 4M, EV 58.8 MPH)
Bottom of the 7th over - 0 runs, 0 hits, 0 errors, 0 left on base; California 0 - New York 6
TOP OF THE 8TH
California Angels batting - Pitching for New York Yankees : RHP Martin Goyer
Batting: RHB Alain Delhaye 0-0: Called Strike
0-1: Ball
1-1: Swinging Strike
1-2: Foul Ball, location: 2F
1-2: Strikes out swinging
Batting: RHB Preston Deakyne 0-0: Ball
1-0: Ball
2-0: Called Strike
2-1: Called Strike
2-2: Strikes out swinging
Batting: RHB Dietmar Warmisch 0-0: Ball
1-0: Foul Ball, location: 2F
1-1: Ball
2-1: Called Strike
2-2: Foul Ball, location: 2F
2-2: Strikes out looking
Top of the 8th over - 0 runs, 0 hits, 0 errors, 0 left on base; California 0 - New York 6
BOTTOM OF THE 8TH
New York Yankees batting - Pitching for California Angels : LHP Dan Poirier
Batting: SHB Bartholomeu Chambino 0-0: Ball
1-0: Ball
2-0: Ball
3-0: Base on Balls
Batting: LHB David Bramble 0-0: Foul Ball, location: 2F
0-1: Ball
1-1: Grounds into double play, 4-6-3 (Groundball, 3, EV 88.8 MPH)
Batting: LHB Evan Torraville 0-0: Foul Ball, location: 2F
0-1: Foul Ball, location: 2F
0-2: Ball
1-2: Ball
2-2: Foul Ball, location: 2F
2-2: Fly out, F8 (Flyball, 8LM, EV 87.5 MPH)
Bottom of the 8th over - 0 runs, 0 hits, 0 errors, 0 left on base; California 0 - New York 6
TOP OF THE 9TH
California Angels batting - Pitching for New York Yankees : RHP Martin Goyer
Pitching: RHP Jose Tavira
Batting: RHB Nick Dunn 0-0: Fly out, F8 (Line Drive, 8LD, EV 86.9 MPH)
Batting: LHB Jack Bell 0-0: Foul Ball, location: 2F
0-1: SINGLE (Flyball, 3D, EV 88.1 MPH)
Batting: RHB Gael Jones 0-0: Foul Ball, location: 2F
0-1: Called Strike
0-2: Strikes out swinging
Batting: LHB Micah Miller 0-0: Swinging Strike
0-1: Ball
1-1: Ball
2-1: Ball
3-1: Fly out, F8 (Flyball, 78D, EV 95.6 MPH)
Top of the 9th over - 0 runs, 1 hit, 0 errors, 1 left on base; California 0 - New York 6
Thursday, March 31st , 2022 - OOTP Baseball 22.12 Build 89